| TOP OF THE 1ST |
|
Fresno Grizzlies batting - Pitching for Nashville Sounds : RHP Danny Nsoah
|
|
Pitching: RHP Danny Nsoah
|
|
|
Batting: SHB Bryan Johnston
|
0-0: Ball 1-0: Ball 2-0: Called Strike 2-1: Ball 3-1: Base on Balls
|
|
Batting: LHB Jimmy Edlin
|
0-0: Ball 1-0: Ball 2-0: SINGLE (Flyball, 89S, EV 98.8 MPH) Bryan Johnston to second Runner from 2nd tries for 3rd, SAFE, throw by RF made to third
|
|
Batting: SHB Paskar Adegoke
|
0-0: Called Strike 0-1: Ball 1-1: SINGLE (Line Drive, 8LS, EV 86.2 MPH) Bryan Johnston scores Jimmy Edlin to second Runner from 2nd tries for 3rd, SAFE, throw by CF made to third
|
|
Batting: RHB Elijah Hunter
|
Pickoff Throw to First - Out! 1-3 0-0: Ball 1-0: Called Strike 1-1: Ball 2-1: Ground out 4-3 (Groundball, 4, EV 98.8 MPH) Jimmy Edlin scores
|
|
Batting: RHB Ramon Castellon
|
0-0: Ball 1-0: Called Strike 1-1: Foul Ball, location: 2F 1-2: Ball 2-2: SINGLE (Groundball, 56D, EV 97.5 MPH)
|
|
Batting: RHB Nick Deegan
|
0-0: Foul Ball, location: 2F 0-1: 2-RUN HOME RUN (Flyball, 78XD, EV 105.0 MPH), Distance : 404 ft
|
|
Batting: RHB Xavier Castaneda
|
0-0: Ball 1-0: Called Strike 1-1: Ball 2-1: Called Strike 2-2: Ball 3-2: Ground out 6-3 (Groundball, 6, EV 83.1 MPH)
|
| Top of the 1st over - 4 runs, 4 hits, 0 errors, 0 left on base; Fresno 4 - Nashville 0 |
| BOTTOM OF THE 1ST |
|
Nashville Sounds batting - Pitching for Fresno Grizzlies : RHP Andy Montelongo
|
|
Pitching: RHP Andy Montelongo
|
|
|
Batting: RHB Jeff Garofalo
|
0-0: Ball 1-0: Ball 2-0: Foul Ball, location: 2F 2-1: SINGLE (Line Drive, 56, EV 95.0 MPH)
|
|
Batting: SHB Robert Santiago
|
0-0: Ball 1-0: Grounds into double play, 4-6-3 (Groundball, 4M, EV 101.9 MPH)
|
|
Batting: RHB Tim Cordle
|
0-0: Ball 1-0: Foul Ball, location: 2F 1-1: Swinging Strike 1-2: Ball 2-2: Strikes out swinging
|
| Bottom of the 1st over - 0 runs, 1 hit, 0 errors, 0 left on base; Fresno 4 - Nashville 0 |
| TOP OF THE 2ND |
|
Fresno Grizzlies batting - Pitching for Nashville Sounds : RHP Danny Nsoah
|
|
Batting: RHB Edgar Trejo
|
0-0: SINGLE (Groundball, 23, EV 70.0 MPH) (infield hit)
|
|
Batting: RHB Workneh Lagat
|
0-0: Ball 1-0: Ball 2-0: Called Strike 2-1: SINGLE (Flyball, 9LS, EV 88.1 MPH) Edgar Trejo to second Runner from 2nd tries for 3rd, SAFE, no throw by RF
|
|
Batting: SHB Bryan Johnston
|
0-0: Ball 1-0: Called Strike 1-1: Called Strike 1-2: SINGLE (Groundball, 6S, EV 64.4 MPH) (infield hit) Edgar Trejo scores Workneh Lagat to second
|
|
Pitching: RHP Ben Voorhees
|
|
|
Batting: LHB Jimmy Edlin
|
0-0: Called Strike 0-1: Swinging Strike 0-2: Ball 1-2: Strikes out swinging
|
|
Batting: SHB Paskar Adegoke
|
0-0: Ball 1-0: Foul Ball, location: 2F 1-1: Foul Ball, location: 2F 1-2: Fielders Choice at 2nd, 4-6 (Groundball, 34, EV 75.6 MPH) Workneh Lagat to third
|
|
Batting: RHB Elijah Hunter
|
0-0: Ball 1-0: SINGLE (Line Drive, 8LS, EV 93.1 MPH) Workneh Lagat scores Paskar Adegoke to second Runner from 2nd tries for 3rd, SAFE, throw by CF made to third
|
|
Batting: RHB Ramon Castellon
|
0-0: Called Strike 0-1: Ball 1-1: Swinging Strike 1-2: Strikes out swinging
|
| Top of the 2nd over - 2 runs, 4 hits, 0 errors, 2 left on base; Fresno 6 - Nashville 0 |
| BOTTOM OF THE 2ND |
|
Nashville Sounds batting - Pitching for Fresno Grizzlies : RHP Andy Montelongo
|
|
Batting: RHB David Herrera
|
0-0: Fly out, F8 (Line Drive, 8LD, EV 95.6 MPH)
|
|
Batting: LHB Tomas Segarra
|
0-0: SINGLE (Groundball, 34D, EV 98.1 MPH)
|
|
Batting: RHB Wade Diamond
|
0-0: Ball 1-0: Called Strike 1-1: Called Strike 1-2: Fly out, F9 (Flyball, 9D, EV 108.1 MPH)
|
|
Batting: RHB Ryan Kinkead
|
0-0: Ball Tomas Segarra steals 2nd base (no throw) 1-0: Ball 2-0: Ball 3-0: Called Strike 3-1: Base on Balls
|
|
Batting: SHB D.J. Codd
|
0-0: Ground out 4-3 (Groundball, 4, EV 81.9 MPH)
|
| Bottom of the 2nd over - 0 runs, 1 hit, 0 errors, 2 left on base; Fresno 6 - Nashville 0 |
| TOP OF THE 3RD |
|
Fresno Grizzlies batting - Pitching for Nashville Sounds : RHP Ben Voorhees
|
|
Batting: RHB Nick Deegan
|
0-0: Ground out U3 (Groundball, 34, EV 93.8 MPH)
|
|
Batting: RHB Xavier Castaneda
|
0-0: Ball 1-0: Ball 2-0: Foul Ball, location: 2F 2-1: Called Strike 2-2: Strikes out swinging
|
|
Batting: RHB Edgar Trejo
|
0-0: Ball 1-0: Foul Ball, location: 2F 1-1: Reached on error, E3 (Groundball, 34S, EV 87.5 MPH)
|
|
Batting: RHB Workneh Lagat
|
0-0: Swinging Strike 0-1: Ball 1-1: Swinging Strike 1-2: SINGLE (Line Drive, 7LS, EV 95.0 MPH) Edgar Trejo to third Runner from 3rd tries for Home, SAFE, throw by LF to home
|
|
Batting: SHB Bryan Johnston
|
0-0: Ground out 5-3 (Groundball, 56S, EV 81.2 MPH)
|
| Top of the 3rd over - 1 run, 1 hit, 1 error, 1 left on base; Fresno 7 - Nashville 0 |
| BOTTOM OF THE 3RD |
|
Nashville Sounds batting - Pitching for Fresno Grizzlies : RHP Andy Montelongo
|
|
Batting: SHB Ryan Chicoine
|
0-0: Ground out 4-3 (Groundball, 34, EV 89.4 MPH)
|
|
Batting: RHB Jeff Garofalo
|
0-0: Foul Ball, location: 2F 0-1: Ball 1-1: Ball 2-1: Foul Ball, location: 2F 2-2: Strikes out swinging
|
|
Batting: SHB Robert Santiago
|
0-0: Ball 1-0: DOUBLE (Flyball, 8LXD, EV 108.1 MPH)
|
|
Batting: RHB Tim Cordle
|
0-0: Ball 1-0: Ball 2-0: Ground out 5-3 (Groundball, 56S, EV 71.9 MPH)
|
| Bottom of the 3rd over - 0 runs, 1 hit, 0 errors, 1 left on base; Fresno 7 - Nashville 0 |
| TOP OF THE 4TH |
|
Fresno Grizzlies batting - Pitching for Nashville Sounds : RHP Ben Voorhees
|
|
Batting: LHB Jimmy Edlin
|
0-0: Called Strike 0-1: Swinging Strike 0-2: Foul Ball, location: 2F 0-2: Ball 1-2: Foul Ball, location: 2F 1-2: Strikes out looking
|
|
Batting: SHB Paskar Adegoke
|
0-0: Called Strike 0-1: Swinging Strike 0-2: Fly out, F7 (Line Drive, 7S, EV 94.4 MPH)
|
|
Batting: RHB Elijah Hunter
|
0-0: Ball 1-0: Ball 2-0: Ball 3-0: Base on Balls
|
|
Batting: RHB Ramon Castellon
|
0-0: Foul Ball, location: 2F 0-1: Ball 1-1: Ball 2-1: Called Strike 2-2: Fly out, F6 (Line Drive, 6, EV 63.1 MPH)
|
| Top of the 4th over - 0 runs, 0 hits, 0 errors, 1 left on base; Fresno 7 - Nashville 0 |
| BOTTOM OF THE 4TH |
|
Nashville Sounds batting - Pitching for Fresno Grizzlies : RHP Andy Montelongo
|
|
Batting: RHB David Herrera
|
0-0: Ball 1-0: Called Strike 1-1: SINGLE (Line Drive, 89S, EV 90.0 MPH)
|
|
Batting: LHB Tomas Segarra
|
0-0: Foul Ball, location: 2F 0-1: Fielders Choice at 2nd, 3-6 (Groundball, 3, EV 82.5 MPH)
|
|
Batting: RHB Wade Diamond
|
0-0: Swinging Strike 0-1: Ball 1-1: Called Strike Tomas Segarra steals 2nd base (no throw) 1-2: Ball 2-2: Foul Ball, location: 2F 2-2: Ground out 5-3 (Groundball, 56S, EV 80.6 MPH)
|
|
Batting: RHB Ryan Kinkead
|
0-0: Ball 1-0: Ball 2-0: Foul Ball, location: 2F 2-1: Swinging Strike 2-2: Ball 3-2: Strikes out looking
|
| Bottom of the 4th over - 0 runs, 1 hit, 0 errors, 1 left on base; Fresno 7 - Nashville 0 |
| TOP OF THE 5TH |
|
Fresno Grizzlies batting - Pitching for Nashville Sounds : RHP Ben Voorhees
|
|
Batting: RHB Nick Deegan
|
0-0: Foul Ball, location: 2F 0-1: Swinging Strike 0-2: Ball 1-2: Fly out, F7 (Flyball, 7LM, EV 96.9 MPH)
|
|
Batting: RHB Xavier Castaneda
|
0-0: Ball 1-0: Foul Ball, location: 2F 1-1: Called Strike 1-2: Ball 2-2: Foul Ball, location: 2F 2-2: Ground out 1-3 (Groundball, 13S, EV 73.8 MPH)
|
|
Batting: RHB Edgar Trejo
|
0-0: Ball 1-0: Ground out 5-3 (Groundball, 56, EV 91.2 MPH)
|
| Top of the 5th over - 0 runs, 0 hits, 0 errors, 0 left on base; Fresno 7 - Nashville 0 |
| BOTTOM OF THE 5TH |
|
Nashville Sounds batting - Pitching for Fresno Grizzlies : RHP Andy Montelongo
|
|
Batting: SHB D.J. Codd
|
0-0: Called Strike 0-1: Foul Ball, location: 2F 0-2: Strikes out swinging
|
|
Batting: SHB Ryan Chicoine
|
0-0: Ball 1-0: Ball 2-0: Ball 3-0: Base on Balls
|
|
Batting: RHB Jeff Garofalo
|
0-0: Ball Ryan Chicoine steals 2nd base 1-0: Foul Ball, location: 2F 1-1: Ball 2-1: Ball 3-1: Foul Ball, location: 2F 3-2: Foul Ball, location: 2F 3-2: Strikes out swinging
|
|
Batting: SHB Robert Santiago
|
0-0: Ball 1-0: Swinging Strike 1-1: Foul Ball, location: 2F 1-2: Strikes out swinging
|
| Bottom of the 5th over - 0 runs, 0 hits, 0 errors, 1 left on base; Fresno 7 - Nashville 0 |
| TOP OF THE 6TH |
|
Fresno Grizzlies batting - Pitching for Nashville Sounds : RHP Ben Voorhees
|
|
Batting: RHB Workneh Lagat
|
0-0: Ball 1-0: Ball 2-0: Fly out, F8 (Flyball, 8RD, EV 74.4 MPH)
|
|
Batting: SHB Bryan Johnston
|
0-0: Foul Ball, location: 2F 0-1: Ball 1-1: Ball 2-1: Foul Ball, location: 2F 2-2: Foul Ball, location: 2F 2-2: Ball 3-2: Fly out, F8 (Flyball, 8LM, EV 83.8 MPH)
|
|
Batting: LHB Jimmy Edlin
|
0-0: Called Strike 0-1: Called Strike 0-2: SOLO HOME RUN (Flyball, 9LD, EV 93.8 MPH), Distance : 337 ft
|
|
Batting: SHB Paskar Adegoke
|
0-0: Ball 1-0: Ball 2-0: Ball 3-0: Base on Balls
|
|
Batting: RHB Elijah Hunter
|
0-0: Called Strike 0-1: Swinging Strike 0-2: Fly out, F8 (Flyball, 8LD, EV 93.1 MPH)
|
| Top of the 6th over - 1 run, 1 hit, 0 errors, 1 left on base; Fresno 8 - Nashville 0 |
| BOTTOM OF THE 6TH |
|
Nashville Sounds batting - Pitching for Fresno Grizzlies : RHP Andy Montelongo
|
|
Batting: RHB Tim Cordle
|
0-0: Ground out 4-3 (Groundball, 4MD, EV 100.6 MPH)
|
|
Batting: RHB David Herrera
|
0-0: Ball 1-0: Ball 2-0: Ball 3-0: Called Strike 3-1: Foul Ball, location: 2F 3-2: Base on Balls
|
|
Batting: LHB Tomas Segarra
|
0-0: Called Strike David Herrera steals 2nd base (no throw) 0-1: Foul Ball, location: 2F 0-2: Strikes out swinging
|
|
Batting: RHB Wade Diamond
|
0-0: Called Strike 0-1: Ball 1-1: Swinging Strike 1-2: Strikes out swinging
|
| Bottom of the 6th over - 0 runs, 0 hits, 0 errors, 1 left on base; Fresno 8 - Nashville 0 |
| TOP OF THE 7TH |
|
Fresno Grizzlies batting - Pitching for Nashville Sounds : RHP Ben Voorhees
|
|
Pitching: RHP Jesus Moreno
|
|
|
Batting: RHB Ramon Castellon
|
0-0: Ball 1-0: Foul Ball, location: 2F 1-1: Foul Ball, location: 2F 1-2: Strikes out looking
|
|
Batting: RHB Nick Deegan
|
0-0: Ball 1-0: Swinging Strike 1-1: Swinging Strike 1-2: Strikes out swinging
|
|
Batting: RHB Xavier Castaneda
|
0-0: Ball 1-0: Ground out 1-3 (Groundball, 13S, EV 70.6 MPH)
|
| Top of the 7th over - 0 runs, 0 hits, 0 errors, 0 left on base; Fresno 8 - Nashville 0 |
| BOTTOM OF THE 7TH |
|
Nashville Sounds batting - Pitching for Fresno Grizzlies : RHP Andy Montelongo
|
|
Pinch Hitting: RHB Tim Anderson
|
0-0: Foul Ball, location: 2F 0-1: Ball 1-1: Hit by Pitch
|
|
Batting: SHB D.J. Codd
|
0-0: Ball 1-0: Foul Ball, location: 2F 1-1: Ball 2-1: Ball 3-1: Ground out 4-3 (Groundball, 34D, EV 86.9 MPH) Tim Anderson to second
|
|
Batting: SHB Ryan Chicoine
|
0-0: Ball 1-0: Foul Ball, location: 2F 1-1: Swinging Strike 1-2: Foul Ball, location: 2F 1-2: Strikes out swinging
|
|
Pitching: RHP Michael Bruce
|
|
|
Batting: RHB Jeff Garofalo
|
0-0: Foul Ball, location: 2F 0-1: Ball 1-1: Ball 2-1: Swinging Strike 2-2: Strikes out swinging
|
| Bottom of the 7th over - 0 runs, 0 hits, 0 errors, 1 left on base; Fresno 8 - Nashville 0 |
| TOP OF THE 8TH |
|
Fresno Grizzlies batting - Pitching for Nashville Sounds : RHP Jesus Moreno
|
|
Now at 2B: Tim Anderson
|
|
|
Batting: RHB Edgar Trejo
|
0-0: Called Strike 0-1: Ball 1-1: Swinging Strike 1-2: Strikes out looking
|
|
Batting: RHB Workneh Lagat
|
0-0: Foul Ball, location: 2F 0-1: Ball 1-1: Foul Ball, location: 2F 1-2: Ball 2-2: Ground out 6-3 (Groundball, 6D, EV 86.9 MPH)
|
|
Batting: SHB Bryan Johnston
|
0-0: Called Strike 0-1: Ball 1-1: Swinging Strike 1-2: SINGLE (Line Drive, 8RS, EV 107.5 MPH)
|
|
Batting: LHB Jimmy Edlin
|
0-0: Called Strike 0-1: Ball 1-1: Called Strike 1-2: Strikes out looking
|
| Top of the 8th over - 0 runs, 1 hit, 0 errors, 1 left on base; Fresno 8 - Nashville 0 |
| BOTTOM OF THE 8TH |
|
Nashville Sounds batting - Pitching for Fresno Grizzlies : RHP Michael Bruce
|
|
Batting: SHB Robert Santiago
|
0-0: Ball 1-0: Foul Ball, location: 2F 1-1: Ball 2-1: Swinging Strike 2-2: Strikes out swinging
|
|
Batting: RHB Tim Cordle
|
0-0: Ground out 6-3 (Groundball, 6, EV 88.8 MPH)
|
|
Batting: RHB David Herrera
|
0-0: Ground out 6-3 (Groundball, 6, EV 86.9 MPH)
|
| Bottom of the 8th over - 0 runs, 0 hits, 0 errors, 0 left on base; Fresno 8 - Nashville 0 |
| TOP OF THE 9TH |
|
Fresno Grizzlies batting - Pitching for Nashville Sounds : RHP Jesus Moreno
|
|
Batting: SHB Paskar Adegoke
|
0-0: Ground out U3 (Groundball, 3, EV 88.8 MPH)
|
|
Batting: RHB Elijah Hunter
|
0-0: Ball 1-0: Ball 2-0: Ground out 6-3 (Groundball, 6, EV 85.0 MPH)
|
|
Batting: RHB Ramon Castellon
|
0-0: Ball 1-0: Ball 2-0: Fly out, F9 (Flyball, 9LMF, EV 93.8 MPH)
|
| Top of the 9th over - 0 runs, 0 hits, 0 errors, 0 left on base; Fresno 8 - Nashville 0 |
| BOTTOM OF THE 9TH |
|
Nashville Sounds batting - Pitching for Fresno Grizzlies : RHP Michael Bruce
|
|
Batting: LHB Tomas Segarra
|
0-0: Called Strike 0-1: Ball 1-1: Ball 2-1: Ball 3-1: Base on Balls
|
|
Batting: RHB Wade Diamond
|
0-0: Ball 1-0: Ball 2-0: Ball 3-0: Called Strike 3-1: Grounds into double play, 6-4-3 (Groundball, 56, EV 100.6 MPH)
|
|
Pinch Hitting: LHB Gregg Power
|
0-0: Ball 1-0: Called Strike 1-1: Ground out 6-3 (Groundball, 4, EV 83.8 MPH)
|
| Bottom of the 9th over - 0 runs, 0 hits, 0 errors, 0 left on base; Fresno 8 - Nashville 0 |
|